 Dungeon Crawl Stone Soup version 0.25.0-9-g26727b657a (webtiles) character file.

Game seed: 16901139993556321605

9 mopl the Grasshopper (level 2, 0/22 HPs)
             Began as a Demonspawn Warper on June 20, 2020.
             Slain by a goblin (2 damage)
             ... on level 1 of the Dungeon.
             The game lasted 00:00:24 (112 turns).

mopl the Grasshopper (Demonspawn Warper)             Turns: 112, Time: 00:00:25

Health: 0/22       AC:  3    Str: 11    XL:     2   Next: 3%
Magic:  5/5        EV: 11    Int: 14    God:
Gold:   16         SH:  0    Dex: 12    Spells: 5/5 levels left

rFire    . . .     SeeInvis .   a - +0 hand axe
rCold    . . .     Gourm    .   (no shield)
rNeg     . . .     Faith    .   b - +0 leather armour
rPois    .         Spirit   .   (helmet restricted)
rElec    .         Reflect  .   (no cloak)
rCorr    .         Harm     .   (no gloves)
MR       .....                  (no boots)
Stlth    +.........             (no amulet)
HPRegen  0.07/turn              (no ring)
MPRegen  0.09/turn              (no ring)

@: no status effects
A: antennae 1
a: no special abilities


You were on level 1 of the Dungeon.
You were not hungry.

You visited 1 branch of the dungeon, and saw 1 of its levels.

You collected 16 gold pieces.

Inventory:

Hand Weapons
 a - a +0 hand axe (weapon)
Missiles
 e - 5 boomerangs of dispersal (quivered)
Armour
 b - a +0 leather armour (worn)
Scrolls
 c - a scroll of amnesia {unknown}
 d - a scroll of blinking
 i - a scroll of remove curse {unknown}
 j - 2 scrolls of identify {unknown}
Potions
 g - 2 potions of flight {unknown}
Comestibles
 f - 3 rations
 h - 3 chunks of flesh


   Skills:
 - Level 2.0 Fighting
 + Level 2.5 Axes
 - Level 0.8 Throwing
 - Level 0.8 Armour
 - Level 1.7 Dodging
 - Level 2.0 Spellcasting
   Level 2.6 Translocations


You had 5 spell levels left.
You didn't know any spells.
Your spell library contained the following spells:

 Spells                   Type           Power        Failure   Level  Hunger
 Blink                    Tloc           N/A          16%         2    ###....
 Shroud of Golubria       Chrm/Tloc      #.....       26%         2    ###....
 Gell's Gravitas          Tloc           #.........   30%         3    ####...
 Lesser Beckoning         Tloc           #.........   30%         3    ####...
 Teleport Other           Tloc           #.......     30%         3    ####...
 Passage of Golubria      Tloc           N/A          71%         4    #####..


Dungeon Overview and Level Annotations

Branches:
Dungeon (1/15)

Altars:


Innate Abilities, Weirdness & Mutations

You have a pair of small antennae on your head.


Message History

The giant cockroach bites you. x2
* * * LOW HITPOINT WARNING * * *
You hit the giant cockroach but do no damage.
The giant cockroach is severely wounded.
The giant cockroach bites you.
* * * LOW HITPOINT WARNING * * *
A rat comes into view.
You closely miss the giant cockroach.
The giant cockroach is severely wounded.
The giant cockroach bites you.
* * * LOW HITPOINT WARNING * * *
The giant cockroach bites you but does no damage.
You hit the giant cockroach.
You kill the giant cockroach!
You have reached level 2!
Your demonic ancestry asserts itself...
A pair of antennae grows on your head!
The rat twitches its whiskers.
You closely miss the goblin. The goblin hits you.
You die...

............. ...
.####.####.## #....
.# #..###.####...#
.#####.#.....##...#
...........# ...#
######.#.#.# ...#
.........#.#####..#
..####..##.#...)..#
##....#.###@##
#..###'###g#
#..#.....#r#
#..#.....#..
##.......#..
#.......#..#
##......#..#
#.######..# #.#


You could see a goblin and a rat.

Vanquished Creatures
  A leopard gecko (D:1)
  A giant cockroach (D:1)
  A kobold (D:1)
  3 goblins (D:1)
  A rat (D:1)
7 creatures vanquished.

Notes
Turn   | Place    | Note
-------+----------+-------------------------------------------
     0 | D:1      | mopl the Demonspawn Warper began the quest for the Orb.
     0 | D:1      | Reached XP level 1. HP: 16/16 MP: 3/3
   111 | D:1      | Gained mutation: You have a pair of small antennae on your
                  | head. [demonic ancestry]
   111 | D:1      | Reached XP level 2. HP: 2/22 MP: 5/5
   112 | D:1      | Slain by a goblin

Illustrated notes

Levels and vault maps discovered:
D:1:      wander_arrival_peaceful_grave, layout_basic

Skill      XL: |  1 |
---------------+----+-----
Axes           | 2 |  2.5
Fighting       | |  2.0
Throwing       | |  0.8
Armour         | |  0.8
Dodging        | |  1.7
Spellcasting   | |  2.0
Translocations | |  2.6

Action                   || total
-------------------------++-------
Melee: Hand axe          ||    30
Armor: Leather armour    ||     8
Dodge: Dodged            ||    17
